AoeStats
← All Conquistadors Are BSTRD

Arabian Desert

510515188Analyzed
1v1 RM · 1d ago on Oct 1, 2026· 47m 44s· 2 players
Game mode
Random Map
Map size
Tiny (2 player)
Population
200
Speed
Normal
Resources
Standard
Victory
Conquest
Starting age
Dark Age
Ending age
Imperial Age
RankedLock teamsTeams togetherTeam positionsShared explorationLock speedFull tech treeHidden civsTurbo modeCheats
Victory
Defeat
1282
+16
🇪🇸 Ethiopians · Spain
1279
-16
OverladenKnave0
6:58 Loom
9:09 Feudal Age
9:47 Double-Bit Axe
13:48 Fletching
17:48 Horse Collar
21:45 Castle Age
20:56 Gold Mining
21:22 Padded Archer Armor
22:22 Bodkin Arrow
21:51 Crossbowman
24:11 Bow Saw
29:13 Heavy Plow
29:50 Scale Mail Armor
30:03 Forging
33:46 Chain Mail Armor
36:04 Iron Casting
40:15 Wheelbarrow
41:23 Ballistics
47:41 Imperial Age
All Conquistadors Are BSTRD
5:45 Loom
9:09 Feudal Age
9:10 Man-at-Arms
11:17 Double-Bit Axe
15:45 Scale Barding Armor
16:19 Horse Collar
18:40 Gold Mining
19:06 Bloodlines
21:36 Forging
22:57 Wheelbarrow
26:41 Castle Age
27:02 Light Cavalry
30:21 Chain Barding Armor
36:26 Husbandry
38:54 Heavy Plow
39:37 Town Watch
40:09 Hand Cart
46:58 Iron Casting
47:29 Scale Mail Armor
Connection lost

Rejoining the realm…

Still unreachable

The connection could not be restored.

Session expired

The server has moved on; the page needs a fresh start.